AoeStats
← Padredetodo4975

Arena

508134809Analyzed
3v3 RM · 12d ago on Sep 21, 2026· 82m 35s· 6 players
Game mode
Random Map
Map size
Normal (6 player)
Population
200
Speed
Normal
Resources
Standard
Victory
Conquest
Starting age
Dark Age
Ending age
Imperial Age
RankedLock teamsTeams togetherTeam positionsShared explorationLock speedFull tech treeHidden civsTurbo modeCheats
Victory
Defeat
🇨🇳 Bohemians · China
770
+15
🇺🇸 Aztecs · United States
730
+16
🇨🇱 Vikings · Chile
720
+17
🇲🇽 Franks · Mexico
763
-17
🇲🇽 Armenians · Mexico
751
-16
🇲🇽 Britons · Mexico
720
-15
TheLordofLaw291
6:38 Loom
13:33 Feudal Age
14:52 Wheelbarrow
14:14 Gold Mining
14:15 Double-Bit Axe
20:37 Horse Collar
21:57 Padded Archer Armor
21:49 Fletching
22:01 Scale Mail Armor
24:01 Arson
24:31 Forging
32:31 Castle Age
33:08 Stone Mining
33:54 Gold Shaft Mining
33:39 Heavy Plow
33:55 Bow Saw
34:03 Caravan
34:35 Coinage
34:50 Hand Cart
35:30 Bodkin Arrow
35:51 Leather Archer Armor
35:52 Chain Mail Armor
36:13 Iron Casting
38:47 Heated Shot
39:40 Husbandry
44:29 Imperial Age
44:16 Scale Barding Armor
46:14 Chemistry
45:27 Masonry
44:57 Crossbowman
45:08 Cavalier
46:48 Conscription
46:56 Chain Barding Armor
47:07 Plate Mail Armor
48:02 Blast Furnace
49:21 Banking
49:04 Guilds
49:37 Yeomen
50:12 Elite Longbowman
50:58 Squires
51:06 Pikeman
55:28 Onager
58:35 Architecture
62:49 Plate Barding Armor
Padredetodo4975
9:42 Loom
12:37 Feudal Age
13:03 Double-Bit Axe
15:46 Wheelbarrow
16:33 Gold Mining
19:13 Stone Mining
25:40 Castle Age
24:56 Forging
26:16 Scale Barding Armor
27:18 Bow Saw
27:48 Gold Shaft Mining
28:51 Caravan
29:16 Chain Barding Armor
31:40 Iron Casting
31:30 Hand Cart
32:31 Scale Mail Armor
33:02 Husbandry
33:32 Chain Mail Armor
34:19 Fortified Wall
37:55 Imperial Age
36:54 Masonry
38:53 Cavalier
40:53 Plate Barding Armor
57:05 Elite Throwing Axeman
63:25 #83
75:56 Pikeman
Pandavha
11:57 Feudal Age
12:34 Double-Bit Axe
15:29 Arson
15:05 Man-at-Arms
20:52 Castle Age
19:09 Long Swordsman
21:15 Two-Handed Swordsman
21:43 Gambesons
21:58 Squires
22:37 Forging
22:55 Scale Mail Armor
26:54 Iron Casting
29:26 Chain Mail Armor
39:42 Champion
51:00 Caravan
58:31 Imperial Age
58:33 Onager
63:52 Blast Furnace
63:23 Plate Mail Armor
yendor2003
7:48 Loom
9:39 Feudal Age
16:04 Castle Age
14:57 Double-Bit Axe
15:02 Town Watch
15:10 Loom
22:35 Bow Saw
22:35 Horse Collar
23:54 Stone Mining
24:00 Gold Mining
24:23 Forging
28:20 Iron Casting
29:31 Scale Mail Armor
37:16 Wheelbarrow
38:30 Fletching
42:37 Chain Mail Armor
45:48 Town Patrol
46:37 Heavy Plow
50:16 Hand Cart
50:59 Squires
55:57 Elite Skirmisher
56:40 Bodkin Arrow
56:46 Padded Archer Armor
57:09 Ballistics
60:28 Imperial Age
63:05 Atlatl
64:28 Arson
66:21 Leather Archer Armor
66:09 Bracer
66:23 Pikeman
70:03 Chemistry
70:52 Eagle Warrior
75:28 Blast Furnace
75:01 Plate Mail Armor
74:14 Treadmill Crane
75:33 Gold Shaft Mining
76:49 Elite Eagle Warrior
81:33 Conscription
81:51 Garland Wars
80:52 Elite Jaguar Warrior
picoegato
18:10 Feudal Age
24:21 Gold Mining
24:21 Stone Mining
24:48 Double-Bit Axe
24:51 Town Watch
30:35 Castle Age
31:39 Crossbowman
31:39 Elite Skirmisher
31:47 Elite Skirmisher
31:48 Crossbowman
34:57 Gold Shaft Mining
34:05 Horse Collar
34:40 Bow Saw
34:33 Town Patrol
34:40 Scale Mail Armor
34:30 Fletching
34:41 Padded Archer Armor
34:47 Scale Barding Armor
34:52 Forging
39:09 Chieftains
38:54 Pikeman
39:35 Squires
38:58 Man-at-Arms
39:24 Gambesons
40:15 Heavy Plow
48:27 Imperial Age
49:19 Elite Berserk
64:20 Cavalier
69:51 Chain Barding Armor
69:46 Chain Mail Armor
70:06 Iron Casting
69:27 Bodkin Arrow
69:47 Leather Archer Armor
71:31 Crop Rotation
70:50 Loom
70:27 Long Swordsman
抽风Crazy
0:44 Loom
12:01 Feudal Age
13:56 Double-Bit Axe
16:41 Castle Age
14:42 Horse Collar
17:51 Wheelbarrow
17:45 Bow Saw
18:18 Heavy Plow
24:12 Hand Cart
28:29 Chemistry
28:13 Pikeman
28:57 Squires
30:36 Ballistics
29:57 Treadmill Crane
32:22 Forging
32:12 Scale Mail Armor
35:01 Imperial Age
33:46 Iron Casting
34:26 Chain Mail Armor
36:07 Conscription
35:09 Halberdier
36:52 Blast Furnace
37:16 Plate Mail Armor
37:07 Wagenburg Tactics
37:12 Siege Engineers
37:29 Padded Archer Armor
39:13 Two-Man Saw
38:07 Houfnice
39:11 Elite Hussite Wagon
58:04 Arson
62:24 Guilds
62:29 Arrowslits
Connection lost

Rejoining the realm…

Still unreachable

The connection could not be restored.

Session expired

The server has moved on; the page needs a fresh start.